 Dungeon Crawl Stone Soup version 0.22-a0-608-g8a62e23f9f (webtiles) character file.

588341 dududu the Impregnable (level 26, -2/239 HPs)
             Began as a Deep Dwarf Fighter on July 9, 2018.
             Was the Champion of Makhleb.
             Killed from afar by an electric golem (31 damage)
             ... with a bolt of lightning
             ... on level 5 of the Realm of Zot.
             The game lasted 01:57:45 (34212 turns).

dududu the Impregnable (Deep Dwarf Fighter)        Turns: 34212, Time: 01:57:45

Health: -2/239     AC: 42    Str: 20 (21) XL:     26   Next: 14%
Magic:  15/15      EV: 18    Int:  2 (3)  God:    Makhleb [******]
Gold:   5030       SH: 28    Dex: 15 (16) Spells: 25/25 levels left

rFire    + + .     SeeInvis .   a - +9 broad axe (freeze)
rCold    + + .     Gourm    +   D - +4 large shield {AC+3}
rNeg     + + +     Faith    .   Q - +8 plate armour "Zerrinn" {rC++ Str+4 Int-5}
rPois    +         Spirit   .   (helmet restricted)
rElec    .         Reflect  .   P - +2 cloak
rCorr    .         Harm     .   Y - +2 pair of gloves {Dex+3}
MR       +++..     Rnd*Rage +   T - +0 pair of boots
Stlth    ..........             N - amulet "Sycw" {Gourm rF++ rN+++ Str-5 Dex-4}
HPRegen  0.00/turn              o - ring of poison resistance
MPRegen  0.14/turn              u - +6 ring of protection

@: non-regenerating
A: damage resistance, heal wounds, antennae 1, hooves 2, berserk 1, blurry
vision 1, deformed body, deterioration 2, dopey 1, frail 1, low mp 2, negative
energy resistance 1, sense surroundings 3, weak 2, no regeneration
}: 3/15 runes: decaying, silver, gossamer
a: Heal Wounds, Minor Destruction, Lesser Servant of Makhleb, Major Destruction,
Greater Servant of Makhleb, Renounce Religion


You were on level 5 of the Realm of Zot.
You worshipped Makhleb.
Makhleb was exalted by your worship.
You were very full.

You visited 8 branches of the dungeon, and saw 45 of its levels.
You visited the Abyss 1 time.
You also visited: Ice Cave and Wizlab.

You collected 5030 gold pieces.

Inventory:

Hand Weapons
 a - a +9 broad axe of freezing (weapon)
 b - a +3 war axe of flaming
Missiles
 k - 3 throwing nets (quivered)
 G - 9 poisoned javelins
Armour
 D - a +4 large shield of protection (worn)
 P - a +2 cloak (worn)
 Q - the +8 plate armour "Zerrinn" (worn) {rC++ Str+4 Int-5}
   (You took it off an orc knight on level 5 of the Vaults)

   It affects your strength (+4).
   It affects your intelligence (-5).
   It greatly protects you from cold.
 T - a +0 pair of boots (worn)
 X - the +2 helmet of the Sneaky Cities {Str+2}
   (You found it on level 6 of the Lair of Beasts)

   It affects your strength (+2).
 Y - a +2 pair of gloves of dexterity (worn)
Jewellery
 c - an uncursed ring of protection from magic
 j - a +4 ring of slaying
 o - a ring of poison resistance (left hand)
 u - a +6 ring of protection (right hand)
 z - an uncursed ring of protection from cold
 C - an uncursed ring of resist corrosion
 I - an uncursed ring of protection from fire
 N - the amulet "Sycw" (around neck) {Gourm rF++ rN+++ Str-5 Dex-4}
   (You acquired it on level 1 of the Vaults)

   [amulet of the gourmand]

   It allows you to eat raw meat even when not hungry.
   It affects your strength (-5).
   It affects your dexterity (-4).
   It greatly protects you from fire.
   It renders you almost immune to negative energy.
Wands
 A - a wand of scattershot (2)
 F - a wand of acid (45)
 K - a wand of digging (47)
 M - a wand of iceblast (21)
 O - a wand of clouds (4)
Scrolls
 e - 20 scrolls of teleportation
 g - a scroll of enchant weapon
 l - 6 scrolls of fog
 t - 3 scrolls of fear
 B - 19 scrolls of remove curse
 E - 9 scrolls of identify
 H - 4 scrolls of vulnerability
 J - 3 scrolls of blinking
 S - a scroll of silence
 U - 4 scrolls of immolation
Potions
 d - 6 potions of might
 h - 3 potions of haste
 i - 3 potions of ambrosia
 m - 4 potions of cancellation
 p - 15 potions of flight
 q - 18 potions of curing
 r - 2 potions of magic
 s - 6 potions of agility
 v - 7 potions of brilliance
 w - 10 potions of heal wounds
 x - 8 potions of lignification
 L - 3 potions of berserk rage
 V - a potion of invisibility
Miscellaneous
 Z - a lamp of fire
Comestibles
 f - 97 rations


   Skills:
 * Level 21.0 Fighting
 - Level 18.0 Axes
 + Level 22.7 Armour
 + Level 20.6 Dodging
 + Level 22.7 Shields
 - Level 15.0 Invocations


You had 25 spell levels left.
You didn't know any spells.
Your spell library contained the following spells:

 Spells                   Type           Power        Failure   Level  Hunger
 Confuse                  Hex            #.......     100%        3    ####...
 Animate Dead             Necr           N/A          100%        4    #####..
 Pain                     Necr           #...         99%         1    ##.....
 Animate Skeleton         Necr           N/A          99%         1    ##.....
 Vampiric Draining        Necr           #.........   100%        3    ####...
 Regeneration             Chrm/Necr      #.........   100%        3    ####...
 Tukima's Dance           Hex            #.......     100%        3    ####...
 Corpse Rot               Necr           N/A          100%        2    ###....
 Stone Arrow              Conj/Erth      #.....       100%        3    ####...
 Spider Form              Tmut/Pois      #.........   100%        3    ####...
 Blade Hands              Tmut           #.........   100%        5    ######.
 Ice Form                 Ice/Tmut       #.......     100%        4    #####..
 Sticks to Snakes         Tmut           #.......     100%        2    ###....
 Ensorcelled Hibernation  Hex/Ice        #.....       100%        2    ###....
 Corona                   Hex            #......      99%         1    ##.....
 Leda's Liquefaction      Hex/Erth       #.........   100%        4    #####..
 Summon Hydra             Summ           #.........   100%        7    #######
 Beastly Appendage        Tmut           #.....       99%         1    ##.....
 Dazzling Spray           Conj/Hex       #.....       100%        3    ####...
 Summon Forest            Summ/Tloc      #.........   100%        5    ######.
 Hydra Form               Tmut           #.........   100%        6    #######


Dungeon Overview and Level Annotations

Branches:
Dungeon (15/15)            Temple (1/1) D:7            Lair (6/6) D:11
  Swamp (4/4) Lair:4       Spider (4/4) Lair:3        Slime (0/5) Lair:6
    Orc (0/2) D:11         Vaults (5/5) D:13          Crypt (0/3) Vaults:3
 Depths (5/5) D:15            Zot (5/5) Depths:5

Altars:
Ashenzari
Cheibriados
Dithmenos
Hepliaklqana
Kikubaaqudgha
Makhleb
Nemelex Xobeh
Qazlal
Ru
Trog
Vehumet
The Shining One
Jiyva

Shops:
D:4 }   Vaults:1 :

Portals:
Hell: Depths:1 Depths:2 Depths:3 Depths:4 Depths:5
Abyss: Depths:1 Depths:4
Pandemonium: Depths:2 Depths:3 Depths:5
Ziggurat: Depths:5

Annotations:
D:14 1 runed door, Zanem's ghost, journeyman GrBe
Lair:5 1 runed door
Lair:6 exclusion: oklob plant
Depths:4 4 runed doors
Depths:5 exclusions: ancient lich, balrug and 2 more exclusions


Innate Abilities, Weirdness & Mutations

You are resistant to damage.
You can heal yourself by infusing magical energy.
You resist negative energy. (rN+)
You passively map a large area around you.
You do not regenerate.
You have a pair of small antennae on your head.
You have hoof-like feet.
You tend to lose your temper in combat.
Scrolls take you a little longer to read.
Armour fits poorly on your strangely shaped body.
Your body often deteriorates upon taking damage.
You are dopey. (Int -2)
You are frail. (-10% HP)
Your magical capacity is very low. (-20% MP)
You are very weak. (Str -4)


Message History

The electric golem completely misses you.
You block the electric golem's attack.
You slice the electric golem!! You freeze the electric golem.
The electric golem is severely damaged.
The electric golem blinks!
The electric golem hurls lightning at you.
The bolt of lightning hits you!
The electric golem hurls lightning at you.
The bolt of lightning misses you.
You block the electric golem's attack. x2
The electric golem hits you but does no damage.
The electric golem misses you.
The electric golem blinks!
The electric golem hurls lightning at you.
The bolt of lightning hits you!
The electric golem hurls lightning at you.
The bolt of lightning hits you!
* * * LOW HITPOINT WARNING * * *
The electric golem hurls lightning at you.
The bolt of lightning hits you!
You die...

.# ###......#.......##...#..# ##
#....##.......#######.##
#######.##...## #... ****
*#######.######## #### ,,,**
*...............# **... ,,,,**
*#.............#* **.... ,,,,,**
#.............# ##.(... ,,,,,,*
##...........## #...... ,,,,,,*
#.%...@.....# #...... ,,,,,,*
*#...........## #...... ,,,,,,*
#............8# #...... ,,,,,,*
*#.............## #......
,,,,,,***..............[###......
,,,,,***,..###########...###.....
,,,,**,,,.#* ##..^.##....
,,,,,,,,*** ###........ ▓▓▓▓▓****
#▓▓▓▓▓#▓▓


You could see an electric golem.

Vanquished Creatures
  4 ancient liches
  3 orbs of fire (Zot:5)
  A juggernaut (Depths:4)
  Bai Suzhen (Vaults:4)
  the Lernaean hydra (Swamp:4)
  2 Killer Klowns (Zot:5)
  A curse toe (Zot:5)
  Saint Roka (Vaults:2)
  2 caustic shrikes (Depths:3)
  6 golden dragons
  Nikola (Vaults:1)
  3 electric golems
  18 Orb Guardians (Zot:5)
  7 liches
  Asterion (Spider:4)
  9 titans
  9 tentacled monstrosities
  5 quicksilver dragons
  9 tengu reavers
  6 death cobs
  An ancient champion (Vaults:3)
  2 tentacled starspawn (Abyss:1)
  6 sphinxes
  12 shadow dragons
  5 draconian monks
  6 storm dragons
  14 frost giants
  4 draconian knights
  11 fire giants
  17 vault wardens
  4 deep elf sorcerers
  2 draconian scorchers
  A deep elf elementalist (Vaults:5)
  Aizul (Spider:4)
  4 ghost moths
  3 emperor scorpions (Spider:4)
  A spriggan defender (Depths:3)
  17 ironheart preservers
  2 draconian shifters
  3 draconian stormcallers
  5 draconian annihilators
  26 stone giants
  4 war gargoyles (Vaults:5)
  3 entropy weavers
  A stone giant (shapeshifter) (Vaults:5)
  4 vampire knights
  20 very ugly things
  A deep elf annihilator (Vaults:1)
  8 green draconians
  5 purple draconians
  A deep elf demonologist (Vaults:3)
  4 red draconians
  11 yellow draconians
  5 black draconians
  6 spark wasps
  7 ettins
  2 white draconians
  4 deep elf death magi
  2 merfolk impalers
  9 fire dragons
  A crystal guardian (Vaults:4)
  3 deep elf high priests (Vaults:5)
  2 blizzard demons
  9 great orbs of eyes
  16 yaktaur captains
  A hell beast (Depths:3)
  3 rakshasas
  37 vault guards
  2 ghost crabs (Swamp:4)
  2 spriggan air magi (Depths:3)
  20 hydras
  14 alligators
  11 ice dragons
  8 centaur warriors
  6 tengu warriors
  3 death knights
  A queen ant (Lair:3)
  3 vampire magi
  17 ogre magi
  59 two-headed ogres
  2 death yaks (IceCv)
  10 deep troll shamans
  3 spriggan berserkers
  8 hell knights
  17 deep troll earth magi
  10 spriggans
  A sun demon (Depths:5)
  A thrashing horror (Abyss:1)
  10 deep elf knights
  A soul eater (Vaults:3)
  A wretched star (Abyss:1)
  A salamander mystic (Depths:5)
  3 iron trolls
  A spatial maelstrom (Abyss:1)
  9 unseen horrors
  3 flayed ghosts
  A skeletal warrior (Vaults:5)
  3 shadow wraiths
  37 deep trolls
  A gelid demonspawn (Depths:3)
  An infernal demonspawn (Depths:5)
  A ghost moth zombie (Abyss:1)
  10 swamp dragons
  5 glowing orange brains
  Pikel (D:5)
  7 wizards
  A swamp dragon (shapeshifter) (Vaults:2)
  12 harpies
  9 deep elf archers
  19 ironbrand convokers
  4 shambling mangroves
  A lindwurm (shapeshifter) (Vaults:5)
  10 orc knights
  11 oklob plants (Zot:3)
  5 phantasmal warriors
  17 orb spiders
  3 necromancers
  41 ugly things
  3 orc sorcerers
  6 cyclopes
  15 deep elf magi
  A fire giant zombie (Depths:3)
  31 wolf spiders
  2 manticores
  A cyclops (shapeshifter) (Depths:3)
  3 salamanders (Depths:5)
  15 moths of wrath
  9 elephants
  A rust devil (Depths:3)
  17 vault sentinels
  A black mamba (shapeshifter) (D:14)
  A smoke demon (Abyss:1)
  3 black mambas (Lair:6)
  2 guardian serpents
  Joseph (D:7)
  A stone giant skeleton (Vaults:5)
  3 gargoyles
  5 naga magi
  4 torpor snails
  An orange demon (Depths:3)
  2 centaur zombies
  An ice statue (IceCv)
  18 spiny frogs
  8 centaur skeletons
  10 komodo dragons
  62 yaktaurs
  A redback zombie (D:15)
  4 ice devils
  8 freezing wraiths
  14 demonic crawlers
  2 ancient zymes (Abyss:1)
  A red devil (Depths:3)
  7 trolls
  A troll (shapeshifter) (Vaults:4)
  2 tengu conjurers (Depths:3)
  23 jumping spiders
  17 polar bears
  6 meliai
  A hornet (shapeshifter) (Vaults:2)
  A queen bee (Lair:4)
  18 blink frogs
  28 hornets
  A shadow dragon simulacrum (Vaults:3)
  6 tyrant leeches
  39 slime creatures
  Grinder (D:5)
  7 bog bodies
  3 raiju (shapeshifter)
  7 dream sheep (Lair:4)
  4 hippogriffs
  2 starcursed masses (Abyss:1)
  A centaur simulacrum (D:10)
  A ynoxinul (Abyss:1)
  2 shadows
  4 water elementals
  24 tarantellas
  9 large abominations
  A yak (shapeshifter) (Vaults:1)
  4 wraiths
  2 humans (shapeshifter)
  58 redbacks
  65 yaks
  11 wyverns
  2 chaos spawn
  2 hungry ghosts
  2 steam dragons
  A human (D:7)
  13 vampire mosquitoes
  A neqoxec (Depths:5)
  4 hogs (D:7)
  2 wargs
  9 insubstantial wisps
  A naga (shapeshifter) (Vaults:5)
  2 acid dragons
  3 swamp worms (shapeshifter)
  6 soldier ants
  7 swamp worms
  A hell hound (Depths:3)
  Duvessa (D:5)
  21 water moccasins
  An acid dragon (shapeshifter) (Depths:1)
  5 floating eyes
  9 porcupines
  6 ice beasts
  A hornet zombie (D:11)
  22 orc warriors
  8 swamp drakes
  2 eyes of draining
  2 sky beasts
  An eye of draining (shapeshifter) (Vaults:4)
  4 necrophages
  2 slaves (D:5)
  2 black bears (shapeshifter)
  22 centaurs
  5 boggarts
  A phantom (D:9)
  41 wolves
  35 ogres
  13 crocodiles
  An elf simulacrum (Vaults:5)
  2 human zombies (Vaults:5)
  20 bullfrogs
  Dowan (D:5)
  10 small abominations
  2 scorpions (D:8)
  A water moccasin skeleton (D:6)
  A human simulacrum (Vaults:1)
  20 killer bees
  23 wights
  3 spriggan skeletons (D:13)
  A vampire bat (D:3)
  10 crimson imps
  2 quasits
  A hound (shapeshifter) (Vaults:2)
  9 hounds
  13 orc priests
  22 orc wizards
  3 bullfrog skeletons
  2 bullfrog zombies (D:10)
  6 jellies
  2 iron imps (Depths:3)
  6 iguanas
  18 worker ants
  7 hell rats (Lair:5)
  A worker ant zombie (D:9)
  3 gnolls (D:3)
  A howler monkey skeleton (D:10)
  12 adders
  8 shadow imps
  A white imp (Abyss:1)
  An ufetubus (Depths:3)
  An adder zombie (D:5)
  2 adder skeletons
  5 worms
  11 dart slugs
  3 fire bats (D:3)
  3 leopard geckos
  133 orcs
  2 spectral bats (D:3)
  3 bat skeletons (D:3)
  A bat zombie (D:3)
  3 giant cockroaches
  9 goblins
  4 hobgoblins
  4 jackals (D:5)
  6 quokkas
  2 ball pythons
  14 bats
  A bat simulacrum (D:3)
  6 frilled lizards
  5 kobolds
  A kobold skeleton (Abyss:1)
  A leopard gecko skeleton (D:5)
  A quokka zombie (D:5)
  4 rats
  9 bushes (Zot:3)
  5 crawling corpses (Vaults:5)
  10 fungi
  17 plants
  2 starspawn tentacles (Abyss:1)
2187 creatures vanquished.

Vanquished Creatures (collateral kills)
  A golden dragon (Zot:1)
  A ghost moth (Zot:1)
  An ironheart preserver (Vaults:5)
  2 red draconians (Zot:1)
  A purple draconian (Zot:1)
  3 hydras (Swamp:4)
  A moth of wrath (Zot:1)
  A yaktaur (Vaults:5)
  6 killer bees (Lair:4)
  A hound (D:11)
18 creatures vanquished.

Vanquished Creatures (others)
  A tengu reaver (Vaults:5)
  A draconian shifter (Zot:2)
  A vampire knight (Depths:4)
  A white draconian (Zot:2)
  A black draconian (Zot:4)
  A fire dragon (Depths:5)
  An ice dragon (Depths:3)
  A centaur warrior (D:15)
  A shadow wraith (Vaults:4)
  A salamander (Depths:5)
  A spiny frog (Swamp:4)
  A tyrant leech (Swamp:4)
  2 hornets
  A redback (Spider:3)
  A spriggan (Swamp:2)
  A tarantella (Spider:4)
  A swamp drake (Swamp:4)
  A slave (D:5)
  A boggart (Vaults:1)
  A wolf (IceCv)
  5 centaurs
  2 orcs (D:5)
  8 fungi
  27 plants
  2 starspawn tentacles (Abyss:1)
65 creatures vanquished.

Grand Total: 2270 creatures vanquished

Notes
Turn   | Place    | Note
-------+----------+-------------------------------------------
     0 | D:1      | dududu the Deep Dwarf Fighter began the quest for the Orb.
     0 | D:1      | Reached XP level 1. HP: 20/20 MP: 1/1
   250 | D:1      | Reached XP level 2. HP: 24/27 MP: 2/2
   621 | D:2      | Reached XP level 3. HP: 29/33 MP: 3/3
  1066 | D:3      | Noticed an ogre
  1082 | D:2      | Reached XP level 4. HP: 29/42 MP: 4/4
  1265 | D:3      | Killed an ogre
  1265 | D:3      | Reached XP level 5. HP: 31/49 MP: 4/4
  1420 | D:3      | Reached XP level 6. HP: 22/56 MP: 5/5
  1565 | D:3      | Reached skill level 5 in Axes
  1877 | D:4      | Found Feqirel's Gadget Shoppe.
  1967 | D:4      | Reached XP level 7. HP: 46/64 MP: 5/5
  2013 | D:4      | Found a bloodstained altar of Trog.
  2136 | D:5      | Entered Level 5 of the Dungeon
  2222 | D:5      | Noticed Pikel
  2226 | D:5      | Noticed Duvessa
  2233 | D:5      | Noticed Dowan
  2245 | D:4      | Reached skill level 5 in Armour
  2317 | D:5      | Reached skill level 5 in Shields
  2372 | D:5      | Noticed Grinder
  2385 | D:5      | Killed Grinder
  2396 | D:5      | Killed Pikel
  2396 | D:5      | Reached skill level 5 in Fighting
  2396 | D:5      | Reached XP level 8. HP: 34/74 MP: 6/6
  2627 | D:5      | Killed Duvessa
  2637 | D:5      | Killed Dowan
  3296 | D:6      | Gained mutation: You passively map the area around you. [Deep Dwarf growth]
  3296 | D:6      | Reached XP level 9. HP: 66/81 MP: 7/7
  4060 | D:7      | Noticed Joseph
  4084 | D:7      | Killed Joseph
  4542 | D:7      | Reached skill level 10 in Axes
  4569 | D:7      | Found a staircase to the Ecumenical Temple.
  4587 | Temple   | Entered the Ecumenical Temple
  4596 | Temple   | Became a worshipper of Makhleb the Destroyer
  4685 | D:7      | Reached XP level 10. HP: 57/92 MP: 8/8
  4962 | D:8      | Noticed a two-headed ogre
  4971 | D:8      | Killed a two-headed ogre
  4975 | D:8      | Found a hazy altar of Hepliaklqana.
  5140 | D:8      | Reached * piety under Makhleb
  5438 | D:8      | Noticed a two-headed ogre
  5443 | D:8      | Killed a two-headed ogre
  5864 | D:9      | Found an ancient bone altar of Kikubaaqudgha.
  5865 | D:9      | Found a sparkling altar of Nemelex Xobeh.
  5934 | D:9      | Reached skill level 1 in Invocations
  6182 | D:9      | Reached ** piety under Makhleb
  6349 | D:10     | Entered Level 10 of the Dungeon
  6352 | D:10     | Identified a scroll of acquirement
  6426 | D:10     | Reached XP level 11. HP: 50/100 MP: 9/9
  6873 | D:10     | Killed an unseen horror
  7285 | D:11     | Reached *** piety under Makhleb
  7608 | D:11     | Reached **** piety under Makhleb
  7676 | D:11     | Reached skill level 5 in Invocations
  7684 | D:11     | Noticed a seven-headed hydra
  7713 | D:11     | Killed a seven-headed hydra
  7814 | D:11     | Found a staircase to the Lair.
  7883 | D:11     | Found a staircase to the Orcish Mines.
  8318 | D:12     | Noticed a purple ugly thing
  8328 | D:12     | Reached skill level 10 in Armour
  8328 | D:12     | Reached skill level 10 in Shields
  8328 | D:12     | Reached XP level 12. HP: 59/112 MP: 12/12
  8444 | D:12     | Noticed a two-headed ogre
  8452 | D:12     | Killed a two-headed ogre
  8750 | D:13     | Noticed a two-headed ogre
  8756 | D:13     | Killed a two-headed ogre
  9094 | D:13     | Noticed a two-headed ogre
  9103 | D:13     | Killed a two-headed ogre
  9117 | D:13     | Found a gate to the Vaults.
  9117 | D:13     | Noticed a vault guard
  9117 | D:13     | Noticed a vault guard
  9117 | D:13     | Noticed a vault guard
  9117 | D:13     | Noticed a vault guard
  9117 | D:13     | Noticed a vault guard
  9131 | D:13     | Noticed a vault guard
  9141 | D:13     | Killed a vault guard
  9142 | D:13     | Killed a vault guard
  9144 | D:13     | Killed a vault guard
  9145 | D:13     | Killed a vault guard
  9146 | D:13     | Killed a vault guard
  9175 | D:13     | Noticed a vault guard
  9185 | D:13     | Killed a vault guard
  9205 | D:13     | Killed a vault guard
  9205 | D:13     | Reached XP level 13. HP: 93/121 MP: 13/13
  9478 | D:13     | Reached ***** piety under Makhleb
  9538 | D:14     | Found a stormy altar of Qazlal.
  9676 | D:14     | Found a runed door.
  9684 | D:14     | Noticed Zanem's ghost (journeyman GrBe)
  9830 | D:14     | Noticed Sonja
  9831 | D:14     | Noticed Sonja
  9831 | D:14     | Sonja changed into Sonja the blink frog
  9844 | D:14     | Killed Sonja the blink frog
 10442 | D:15     | Entered Level 15 of the Dungeon
 10607 | D:15     | Reached skill level 15 in Axes
 10820 | D:15     | Reached skill level 10 in Fighting
 10842 | D:15     | Found a staircase to the Depths.
 10966 | D:15     | Reached skill level 10 in Invocations
 10966 | D:15     | Gained mutation: You resist negative energy. (rN+) [Deep Dwarf growth]
 10966 | D:15     | Reached XP level 14. HP: 124/132 MP: 15/15
 11370 | Lair:1   | Entered Level 1 of the Lair of Beasts
 12403 | Lair:2   | Reached ****** piety under Makhleb
 13316 | Lair:3   | Found a hole to the Spider Nest.
 14072 | Lair:4   | Found a staircase to the Swamp.
 14196 | Lair:4   | Reached XP level 15. HP: 141/141 MP: 17/17
 14491 | Swamp:1  | Entered Level 1 of the Swamp
 14724 | Lair:5   | Found a runed door.
 15140 | Lair:6   | Entered Level 6 of the Lair of Beasts
 15242 | Lair:6   | Found a frozen archway.
 15272 | IceCv    | Entered an ice cave
 15679 | IceCv    | Noticed a frost giant
 15684 | IceCv    | Killed a frost giant
 15715 | IceCv    | Identified the +8 pearl dragon scales of Baldness {rC+ rN+ Str+4 Dex-4} (You found it in an ice cave)
 16013 | Lair:6   | Got a fine ring mail
 16293 | Lair:6   | Found a staircase to the Slime Pits.
 16294 | Lair:6   | Found a viscous altar of Jiyva.
 16773 | Lair:6   | Got a dazzling helmet
 16774 | Lair:6   | Identified the +2 helmet of the Sneaky Cities {Str+2} (You found it on level 6 of the Lair of Beasts)
 17219 | Swamp:1  | Reached XP level 16. HP: 103/152 MP: 19/19
 17902 | Swamp:4  | Entered Level 4 of the Swamp
 18116 | Swamp:4  | Noticed the 27-headed Lernaean hydra
 18127 | Swamp:4  | Killed the 27-headed Lernaean hydra
 18312 | Swamp:4  | Got a decaying rune of Zot
 18458 | Spider:1 | Entered Level 1 of the Spider Nest
 18872 | Spider:2 | Reached skill level 15 in Invocations
 19019 | Spider:2 | Reached XP level 17. HP: 162/162 MP: 22/22
 19251 | Spider:3 | Reached skill level 15 in Armour
 19251 | Spider:3 | Reached skill level 15 in Shields
 19292 | Spider:4 | Entered Level 4 of the Spider Nest
 19312 | Spider:4 | Noticed Asterion
 19336 | Spider:4 | Killed Asterion
 19663 | Spider:4 | Noticed Aizul
 19709 | Spider:4 | Killed Aizul
 19935 | Spider:4 | Got a gossamer rune of Zot
 20203 | Vaults:1 | Entered Level 1 of the Vaults
 20240 | Vaults:1 | Noticed Nikola
 20266 | Vaults:1 | Killed Nikola
 20270 | Vaults:1 | Gained mutation: You passively map a large area around you. [Deep Dwarf growth]
 20270 | Vaults:1 | Reached XP level 18. HP: 174/174 MP: 23/23
 20564 | Vaults:1 | Found a magical portal.
 20587 | WizLab   | Entered Lehudib's Moon Base
 21244 | Vaults:1 | Cast into level 1 of the Abyss (vault sentinel)
 21316 | Abyss:1  | Reached skill level 15 in Fighting
 21579 | Abyss:1  | Reached XP level 19. HP: 186/186 MP: 24/24
 21621 | Vaults:1 | Escaped the Abyss
 21632 | Vaults:1 | Got a twitching jade amulet
 21633 | Vaults:1 | Identified the amulet "Sycw" {Gourm rF++ rN+++ Str-5 Dex-4} (You acquired it on level 1 of the Vaults)
 21725 | Vaults:1 | Noticed a lich
 21740 | Vaults:1 | Killed a lich
 21740 | Vaults:1 | Reached skill level 1 in Dodging
 21856 | Vaults:1 | Found Wasokhus's Book Shoppe.
 22298 | Vaults:2 | Reached skill level 5 in Dodging
 22317 | Vaults:2 | Noticed Saint Roka
 22345 | Vaults:2 | Killed Saint Roka
 23433 | Vaults:3 | Reached XP level 20. HP: 196/196 MP: 25/25
 23641 | Vaults:3 | Found a radiant altar of Vehumet.
 23658 | Vaults:3 | Identified the +2 hat "Banocaim" {Stlth+} (You found it on level 3 of the Vaults)
 23910 | Vaults:3 | Found a staircase to the Crypt.
 23971 | Vaults:3 | Found a bloodstained altar of Trog.
 24162 | Vaults:3 | Reached skill level 10 in Dodging
 24957 | Vaults:4 | Noticed Bai Suzhen
 24992 | Vaults:4 | Killed Bai Suzhen
 25070 | Vaults:4 | Identified the +6 war axe of Yzimur {freeze, *Noise rPois SInv} (You found it on level 4 of the Vaults)
 25837 | Vaults:5 | Entered Level 5 of the Vaults
 25953 | Vaults:5 | Reached XP level 21. HP: 206/206 MP: 26/26
 26178 | Vaults:5 | Noticed an ancient lich
 26214 | Vaults:5 | Killed an ancient lich
 26513 | Vaults:5 | Reached XP level 22. HP: 217/217 MP: 27/27
 26642 | Vaults:5 | Reached skill level 15 in Dodging
 26780 | Vaults:5 | Identified the +8 war axe of Certain Death {freeze, MR+} (You took it off a vault sentinel on level 5 of the Vaults)
 26895 | Vaults:5 | Identified the ring "Koiv Lowu" {Ice Str+5 Int+3} (You took it off a deep elf mage on level 5 of the Vaults)
 27049 | Vaults:5 | Got a silver rune of Zot
 27138 | Vaults:5 | Identified the cursed +0 cloak of the Enchanted Forest {Int+5} (You found it on level 5 of the Vaults)
 27283 | Vaults:5 | Identified the +8 plate armour "Zerrinn" {rC++ Str+4 Int-5} (You took it off an orc knight on level 5 of the Vaults)
 27663 | Depths:1 | Entered Level 1 of the Depths
 27780 | Depths:1 | Found a one-way gate to the infinite horrors of the Abyss.
 28248 | Depths:1 | Found a gateway to Hell.
 28298 | Depths:1 | Found a glowing golden altar of the Shining One.
 28620 | Depths:2 | Found a one-way gate leading to the halls of Pandemonium.
 28645 | Depths:2 | Noticed a golden dragon
 28652 | Depths:2 | Killed a golden dragon
 29180 | Depths:3 | Reached XP level 23. HP: 226/226 MP: 28/28
 29187 | Depths:3 | Noticed a caustic shrike
 29205 | Depths:3 | Killed a caustic shrike
 29260 | Depths:3 | Noticed a caustic shrike
 29283 | Depths:3 | Killed a caustic shrike
 29637 | Depths:3 | Paralysed by a floating eye for 4 turns
 29652 | Depths:3 | Paralysed by a floating eye for 4 turns
 30429 | Depths:4 | Found a runed door.
 30452 | Depths:4 | Found a runed door.
 30467 | Depths:4 | Noticed a juggernaut
 30482 | Depths:4 | Killed a juggernaut
 30488 | Depths:4 | Found a runed door.
 30496 | Depths:4 | Found a runed door.
 30554 | Depths:5 | Entered Level 5 of the Depths
 30692 | Depths:5 | Reached XP level 24. HP: 238/238 MP: 28/28
 31539 | Depths:5 | Found a gateway to a ziggurat.
 31539 | Depths:5 | Noticed an ancient lich
 31539 | Depths:5 | Noticed an ancient lich
 31827 | Depths:5 | Found a gate to the Realm of Zot.
 32011 | Zot:1    | Entered Level 1 of the Realm of Zot
 32797 | Zot:3    | Reached XP level 25. HP: 220/252 MP: 26/26
 33376 | Zot:5    | Entered Level 5 of the Realm of Zot
 33617 | Zot:5    | Noticed an orb of fire
 33617 | Zot:5    | Gained mutation: You are clumsy. (Dex -2) [an orb of fire]
 33620 | Zot:5    | Gained mutation: Your mind is acute. (Int +2) [an orb of fire]
 33622 | Zot:5    | Gained mutation: Your spells are a little easier to cast, but a little less powerful. [an orb of fire]
 33633 | Zot:5    | Gained mutation: Scrolls take you a little longer to read. [an orb of fire]
 33638 | Zot:5    | Gained mutation: Your magical capacity is low. (-10% MP) [an orb of fire]
 33641 | Zot:5    | Gained mutation: Armour fits poorly on your strangely shaped body. [an orb of fire]
 33643 | Zot:5    | Killed an orb of fire
 33645 | Zot:5    | Lost mutation: Armour fits poorly on your strangely shaped body. [potion of mutation]
 33645 | Zot:5    | Lost mutation: Your mind is acute. (Int +2) [potion of mutation]
 33645 | Zot:5    | Lost mutation: You are clumsy. (Dex -2) [potion of mutation]
 33645 | Zot:5    | Gained mutation: You are agile. (Dex +2) [potion of mutation]
 33645 | Zot:5    | Lost mutation: You are agile. (Dex +2) [potion of mutation]
 33645 | Zot:5    | Gained mutation: You have a pair of small horns on your head. [potion of mutation]
 33646 | Zot:5    | Lost mutation: You have a pair of small horns on your head. [potion of mutation]
 33646 | Zot:5    | Lost mutation: Scrolls take you a little longer to read. [potion of mutation]
 33646 | Zot:5    | Lost mutation: Your spells are a little easier to cast, but a little less powerful. [potion of mutation]
 33646 | Zot:5    | Gained mutation: You have large cloven feet. [potion of mutation]
 33646 | Zot:5    | Gained mutation: You have hoof-like feet. [potion of mutation]
 33646 | Zot:5    | Gained mutation: You have a pair of small antennae on your head. [potion of mutation]
 33653 | Zot:5    | Noticed an ancient lich
 33653 | Zot:5    | Noticed an orb of fire
 33653 | Zot:5    | Noticed an orb of fire
 33656 | Zot:5    | Noticed an orb of fire
 33663 | Zot:5    | Gained mutation: Your body sometimes deteriorates upon taking damage. [an orb of fire]
 33674 | Zot:5    | Noticed an orb of fire
 33684 | Zot:5    | Gained mutation: Scrolls take you a little longer to read. [an orb of fire]
 33687 | Zot:5    | Gained mutation: You tend to lose your temper in combat. [an orb of fire]
 33690 | Zot:5    | Gained mutation: Your body often deteriorates upon taking damage. [an orb of fire]
 33691 | Zot:5    | Gained mutation: You are frail. (-10% HP) [an orb of fire]
 33693 | Zot:5    | Killed an ancient lich
 33697 | Zot:5    | Gained mutation: You are weak. (Str -2) [an orb of fire]
 33697 | Zot:5    | Gained mutation: Armour fits poorly on your strangely shaped body. [an orb of fire]
 33699 | Zot:5    | Gained mutation: You are dopey. (Int -2) [an orb of fire]
 33703 | Zot:5    | Gained mutation: You are very weak. (Str -4) [an orb of fire]
 33704 | Zot:5    | Gained mutation: Your magical capacity is very low. (-20% MP) [an orb of fire]
 33706 | Zot:5    | Killed an orb of fire
 33706 | Zot:5    | Killed an orb of fire
 33746 | Zot:5    | Noticed an ancient lich
 33768 | Zot:5    | Killed an ancient lich
 33871 | Zot:5    | Reached XP level 26. HP: 237/237 MP: 15/15
 33906 | Zot:5    | Noticed an ancient lich
 33932 | Zot:5    | Killed an ancient lich
 34212 | Zot:5    | Killed from afar by an electric golem

Vault maps used:
D:1:      mrwooster_arrival_statue
D:2:      serial_bayou, serial_bayou_lagoon_a, serial_bayou_shore_a,
          serial_bayou_lake_a, serial_bayou_crossing, serial_bayou_ford_a,
          serial_bayou_pond_b
D:3:      goddamned_bats
D:4:      serial_shops, nicolae_shop_waterfront, trog_hazing_becter
D:5:      kennysheep_slugbush, first_ration, uniq_pikel, uniq_duvessa,
          uniq_grinder
D:6:      hangedman_decor_clover_reticule
D:7:      temple_fountains, grunt_livestock, uniq_joseph
D:8:      basic_altar, special_room
D:9:      nicolae_overflow_hidden_temple, basic_altar
D:10:     hangedman_weighted_door
D:11:     erik_lair_island, hiddenorc2_lemuel
D:13:     erik_vaults_2, hangedman_tell_no_tales
D:14:     corexii_corridor_pit, ebering_ghost_funeral_grove,
          nicolae_qazlal_style_of_elements, uniq_sonja
D:15:     grunt_enter_depths_magical_seal, corexii_corridor_pit
Temple:   nicolae_temple_the_god_donut
Lair:1:   dragon1_lemuel, columned_hall_lemuel
Lair:3:   spider_nest_entry_webs, minivault_11, wad_woods_antlair
Lair:4:   minmay_swamp_entry_reptiles, special_room, st_stairs_13,
          grunt_forest_large_clearings
Lair:5:   ebering_ghost_reflecting_pool
Lair:6:   hangedman_lair_tendril_chambers, slime_altar_1,
          portal_ice_cave_demonic_guard
Swamp:1:  evilmike_swamp_ruin_rubble_1, swamp_pool3, st_swamp_mini
Swamp:2:  hangedman_swamp_pad, infiniplex_staircase_pool
Swamp:3:  nicolae_swamp_little_tower, infiniplex_staircase_pool_2
Swamp:4:  swamp_old_school
Spider:3: spider_trap, nicolae_spider_stair_cavern
Spider:4: guppyfry_spider_rune, uniq_asterion, uniq_aizul
Vaults:1: nicolae_vaults_network_periphery, nicolae_vaults_little_squares_4,
          ontoclasm_vaults_idyll, nicolae_vaults_lopsided_apartments,
          ontoclasm_vaults_misaligned, nicolae_vaults_network_star,
          dpeg_vaults_monster_box, dpeg_vaults_monster_row, grunt_vaults_swirl,
          vaults_room_corners, vaults_room_semicircle,
          infiniplex_enter_wizlab_glasses, serial_shops, shop, uniq_nikola
Vaults:2: nicolae_vaults_big_angled_halls, hangedman_vaults_corner_blocks,
          hangedman_vaults_trim, nicolae_vaults_big_ls,
          nicolae_vaults_yaktaur_gun_rack, hangedman_vaults_stitches,
          v_pattern_5, ontoclasm_vaults_ring_small, vaults_dpeg_cross, v_misc_1,
          nicolae_vaults_asterisk, uniq_saint_roka
Vaults:3: grunt_tower_of_power, nicolae_vaults_network_quincunx,
          hangedman_vaults_locks, nicolae_vaults_angled_halls,
          minmay_crypt_entry_simple_round, hangedman_vaults_corner_blocks,
          hangedman_vaults_slither, ontoclasm_vaults_eye, grunt_vaults_bifocal,
          vaults_room_large_hall, v_misc_13, ontoclasm_vaults_loading_screen,
          nicolae_vaults_little_squares_1, vaults_room_fours, basic_altar
Vaults:4: vaults_mumra_hex, nicolae_vaults_ninety_degrees, v_pattern_2,
          v_misc_22, vaults_dpeg_diagonal, hangedman_vaults_impose, v_misc_3,
          uniq_bai_suzhen
Depths:1: grunt_hell_entry_dis_grunt, serial_bayou_pond_c,
          minmay_room_of_horrors, tso_altar, serial_bayou_shore_b
Depths:2: minmay_two_paths, pf_coc_iceberg, pan_entry,
          infiniplex_staircase_zigzag_5
Depths:3: minmay_the_grid_octo_tiled_octocenter_mashed, grunt_mini_vestibule,
          grunt_pan_entry_sceptre, onia_ninara_cookie
Depths:4: impenetrable_vault, hell_entry, abyss_entry,
          hangedman_abyss_or_decor_lesser_grid
Depths:5: grunt_zot_entry_bicorn, enter_ziggurat_d, hell_entry,
          rand_demon_pan_entry_5, infiniplex_staircase_pool_lava,
          basic_stair_grate_trap
Zot:2:    regret_index_qazlal_generations, lemuel_flame_loot_1
Zot:3:    grunt_zot_stairs_overgrown
Zot:5:    st_stairs_11
IceCv:    ice_cave_caverns_01
WizLab:   wizlab_lehudib

Skill      XL: |  1  2  3  4  5  6  7  8  9 10 11 12 13 14 15 16 17 18 19 20 21 22 23 24 25 26 |
---------------+-------------------------------------------------------------------------------+-----
Axes           | 3 4 5 7 8 10 11 13 14 15 16 18 | 18.0
Fighting       | 3 4 5 6 7 8 9 10 11 12 13 15 16 17 18 19 20 21 | 21.0
Armour         | 4 6 7 8 10 11 12 13 14 16 17 18 19 20 21 22 | 22.7
Shields        | 4 6 7 8 10 11 12 13 14 16 17 18 19 20 21 22 | 22.7
Invocations    | 2 5 8 10 11 12 15 | 15.0
Dodging        | 8 12 14 16 18 19 20 | 20.6

Action                   |  1- 3 |  4- 6 |  7- 9 | 10-12 | 13-15 | 16-18 | 19-21 | 22-24 | 25-27 || total
-------------------------+-------+-------+-------+-------+-------+-------+-------+-------+-------++-------
Melee: War axe           |   135 |   128 |   392 |   269 |   163 |   140 |       |       |       ||  1227
       Broad axe         |       |       |       |   516 |  1072 |  1162 |  1382 |  1705 |   521 ||  6358
       Whip              |       |       |       |    12 |       |       |       |       |       ||    12
Throw: Tomahawk          |     5 |     4 |       |       |       |       |       |       |       ||     9
       Javelin           |       |       |       |     6 |       |     2 |       |       |       ||     8
       Throwing net      |       |       |       |       |       |       |       |       |     4 ||     4
Invok: Lesser Servant of |       |       |       |     5 |     3 |       |       |       |       ||     8
       Greater Servant o |       |       |       |       |       |       |     1 |     2 |       ||     3
 Abil: Heal Wounds       |     1 |     3 |    10 |    11 |       |       |     4 |     5 |    16 ||    50
Evoke: Wand              |       |       |       |     6 |     3 |     2 |       |     1 |       ||    12
       Phantom mirror    |       |       |       |       |       |     1 |       |       |       ||     1
  Use: Scroll            |       |    12 |     2 |    11 |    14 |     7 |     7 |    18 |     5 ||    76
       Potion            |       |       |     1 |     1 |     1 |     1 |     2 |     3 |     7 ||    16
 Stab: Distracted        |       |       |       |     2 |     2 |       |     2 |       |       ||     6
       Held in net/web   |       |       |       |       |     2 |       |       |       |     4 ||     6
  Eat: Chunk             |     1 |     3 |     6 |    14 |    28 |    16 |    28 |    25 |     4 ||   125
       Ration            |       |       |     1 |     1 |       |       |       |       |       ||     2
Armor: Scale mail        |    65 |    82 |   172 |    32 |       |       |       |       |       ||   351
       Chain mail        |       |       |       |   203 |       |       |       |       |       ||   203
       Plate armour      |       |       |       |   204 |   415 |       |       |   605 |   204 ||  1428
       Pearl dragon scal |       |       |       |       |    76 |   149 |   576 |    56 |       ||   857
       Ice dragon scales |       |       |       |       |    70 |       |       |       |       ||    70
       Swamp dragon scal |       |       |       |       |       |   588 |       |       |       ||   588
Dodge: Dodged            |    55 |    49 |   113 |   146 |   146 |   279 |   354 |   599 |   230 ||  1971
Block: Shield            |    65 |    92 |   225 |   418 |       |       |       |       |       ||   800
       Large shield      |       |       |       |     7 |  1356 |  1581 |  1276 |  1715 |   595 ||  6530
       Reflection        |       |       |       |       |    18 |    32 |       |       |       ||    50

Table legend:
 A = Spawn XP
 B = Non-spawn XP
 C = Spawn XP percentage of total XP
 D = Spawn monster count
 E = Non-spawn monster count
 F = Spawn count percentage of total count
 G = Total turns spent on level
                    A         B        C        D         E        F      G
               +---------+---------+-------+---------+---------+-------+---------
         Total |    7635 | 1334072 |   0.6 |      12 |    2166 |   0.6 | 34212
               +---------+---------+-------+---------+---------+-------+---------
           D:1 |       0 |      13 |   0.0 |       0 |       8 |   0.0 |   291
           D:2 |       0 |     139 |   0.0 |       0 |      26 |   0.0 |   927
           D:3 |       0 |     430 |   0.0 |       0 |      40 |   0.0 |   574
           D:4 |       0 |     262 |   0.0 |       0 |      21 |   0.0 |   434
           D:5 |       0 |    1810 |   0.0 |       0 |      33 |   0.0 |   645
           D:6 |       0 |     592 |   0.0 |       0 |      19 |   0.0 |  1216
           D:7 |       0 |    2702 |   0.0 |       0 |      27 |   0.0 |   717
           D:8 |       0 |    3153 |   0.0 |       0 |      46 |   0.0 |   965
           D:9 |       0 |    1354 |   0.0 |       0 |      24 |   0.0 |   632
          D:10 |       0 |    4215 |   0.0 |       0 |      38 |   0.0 |   880
          D:11 |       0 |    5911 |   0.0 |       0 |      93 |   0.0 |   865
          D:12 |       0 |    4331 |   0.0 |       0 |      24 |   0.0 |   499
          D:13 |       0 |   14366 |   0.0 |       0 |      43 |   0.0 |  1033
          D:14 |       0 |    5640 |   0.0 |       0 |      19 |   0.0 |   998
          D:15 |       0 |   25305 |   0.0 |       0 |      72 |   0.0 |   879
        Lair:1 |       0 |    6008 |   0.0 |       0 |      25 |   0.0 |   839
        Lair:2 |       0 |    6745 |   0.0 |       0 |      20 |   0.0 |   733
        Lair:3 |       0 |   10308 |   0.0 |       0 |      44 |   0.0 |   830
        Lair:4 |       0 |    9915 |   0.0 |       0 |      67 |   0.0 |   842
        Lair:5 |       0 |   10164 |   0.0 |       0 |      44 |   0.0 |   684
        Lair:6 |       0 |   15530 |   0.0 |       0 |      60 |   0.0 |  1143
       Swamp:1 |       0 |   16075 |   0.0 |       0 |      30 |   0.0 |   400
       Swamp:2 |       0 |   13125 |   0.0 |       0 |      40 |   0.0 |   426
       Swamp:3 |       0 |    3370 |   0.0 |       0 |       7 |   0.0 |    44
       Swamp:4 |       0 |   24584 |   0.0 |       0 |      39 |   0.0 |   466
      Spider:1 |       0 |    7522 |   0.0 |       0 |      20 |   0.0 |   448
      Spider:2 |       0 |   13882 |   0.0 |       0 |      47 |   0.0 |   302
      Spider:3 |       0 |    7679 |   0.0 |       0 |      23 |   0.0 |   166
      Spider:4 |       0 |   49221 |   0.0 |       0 |      96 |   0.0 |   667
      Vaults:1 |       0 |  100466 |   0.0 |       0 |     135 |   0.0 |  1544
      Vaults:2 |       0 |   59849 |   0.0 |       0 |      95 |   0.0 |  1106
      Vaults:3 |       0 |   55005 |   0.0 |       0 |      74 |   0.0 |  1350
      Vaults:4 |       0 |   65190 |   0.0 |       0 |      84 |   0.0 |  1433
      Vaults:5 |       0 |  176528 |   0.0 |       0 |     143 |   0.0 |  1545
      Depths:1 |       0 |   40209 |   0.0 |       0 |      57 |   0.0 |   763
      Depths:2 |       0 |   41363 |   0.0 |       0 |      34 |   0.0 |   675
      Depths:3 |       0 |  117701 |   0.0 |       0 |     135 |   0.0 |  1286
      Depths:4 |       0 |   43061 |   0.0 |       0 |      36 |   0.0 |   488
      Depths:5 |       0 |   90064 |   0.0 |       0 |      81 |   0.0 |  1136
         Zot:1 |       0 |   28919 |   0.0 |       0 |      20 |   0.0 |   226
         Zot:2 |       0 |   32273 |   0.0 |       0 |      22 |   0.0 |   538
         Zot:3 |       0 |    9106 |   0.0 |       0 |      13 |   0.0 |   177
         Zot:4 |       0 |   31328 |   0.0 |       0 |      18 |   0.0 |   424
         Zot:5 |       0 |  155826 |   0.0 |       0 |      57 |   0.0 |   836
       Abyss:1 |    7635 |    8472 |  47.4 |      12 |      14 |  46.2 |   377
         IceCv |       0 |   14361 |   0.0 |       0 |      53 |   0.0 |   735
               +---------+---------+-------+---------+---------+-------+---------
